 Dungeon Crawl Stone Soup version 0.31-a0-836-g3ceb0a68c4 (webtiles) character file.

Game seed: 2675035692590285720

1174 GilGalad the Ducker (level 8, -2/63 HPs)
             Began as a Merfolk Gladiator on Sept 27, 2023.
             Was an Initiate of Gozag.
             Slain by a jelly (3 damage)
             ... on level 6 of the Dungeon.
             The game lasted 00:15:28 (6183 turns).

GilGalad the Ducker (Merfolk Gladiator)             Turns: 6183, Time: 00:15:29

Health: -2/63      AC: -4    Str: 17    XL:     8   Next: 41%
Magic:  8/8        EV: 17    Int:  8    God:    Gozag
Gold:   379        SH:  0    Dex: 23    Spells: 7/7 levels left

rFire   . . .        I - +0 falchion
rCold   . . .        (no shield)
rNeg    . . .        b - +0 leather armour
rPois   +            f - +0 helmet
rElec   .            t - +0 cloak
rCorr   .            F - +2 pair of gloves {Str+3}
SInv    .            (no boots)
Will    .....        (no amulet)
Stlth   ++           l - +6 ring of dexterity
HPRegen 0.30/turn    x - ring of poison resistance
MPRegen 0.11/turn

%: no passive effects
@: corroded
A: (nimble swimmer 2), mertail
a: Renounce Religion, Potion Petition, Call Merchant, Bribe Branch


You were on level 6 of the Dungeon.
You worshipped Gozag.
Gozag was aware of your devotion.
You visited 1 branch of the dungeon, and saw 6 of its levels.
You also visited: Sewer.

You collected 411 gold pieces.
You paid 32 gold pieces to Gozag.

Inventory:

Hand Weapons
 a - a +0 trident
 g - a +1 whip of electrocution
 q - a +0 dagger of draining
 s - a +4 quarterstaff of chaos
 y - a +4 dagger
 I - a +0 falchion (weapon)
Missiles
 d - 3 throwing nets (quivered)
 e - 7 javelins
Armour
 b - a +0 leather armour (worn)
 f - a +0 helmet (worn)
 t - a +0 cloak (worn)
 F - a +2 pair of gloves of strength (worn)
Jewellery
 l - a +6 ring of dexterity (left hand)
 x - a ring of poison resistance (right hand)
Wands
 C - a wand of flame (20)
Scrolls
 c - a scroll of fog {unknown}
 h - a scroll of immolation {unknown}
 i - a scroll of enchant armour {unknown}
 o - a scroll of revelation {unknown}
 w - 2 scrolls of poison {unknown}
 B - a scroll of vulnerability {unknown}
 D - 2 scrolls of amnesia {unknown}
 G - a scroll of teleportation {unknown}
Potions
 j - 2 potions of degeneration
 k - 3 potions of enlightenment
 m - a potion of resistance {unknown}
 n - 2 potions of lignification
 p - 5 potions of curing
 r - a potion of cancellation {unknown}
 u - 2 potions of mutation
 v - 2 potions of heal wounds
 z - a potion of haste {unknown}
 A - a potion of brilliance
 E - a potion of berserk rage {unknown}
 H - a potion of invisibility {unknown}


   Skills:
 + Level 5.6 Fighting
 * Level 6.4 Long Blades
 - Level 5.5 Polearms
 - Level 3.4 Throwing
 + Level 7.5 Dodging


You had 7 spell levels left.
You didn't know any spells.
Your spell library contained the following spells:

 Spells                   Type           Power      Damage    Failure   Level
 Apportation              Tloc           0%         N/A       47%         1
 Necrotise                Necr           0%         1d4       47%         1
 Slow                     Hex            0%         N/A       47%         1
 Summon Small Mammal      Summ           0%         N/A       47%         1
 Call Canine Familiar     Summ           0%         N/A       85%         3
 Confusing Touch          Hex            0%         N/A       85%         3
 Sigil of Binding         Hex            0%         N/A       85%         3
 Summon Guardian Golem    Hex/Summ       0%         N/A       85%         3
 Vampiric Draining        Necr           0%         2d6       85%         3
 Vhi's Electric Charge    Tloc/Air       0%         N/A       99%         4
 Arcjolt                  Conj/Air       0%         1d10      100%        5
 Plasma Beam              Fire/Air       0%         2x1d10    100%        6


Dungeon Overview and Level Annotations

Branches:
Dungeon (6/15)             Temple (0/1) D:5           Sewer (visited)

Altars:
Dithmenos
Fedhas
Gozag
Kikubaaqudgha
Ru
Vehumet
Wu Jian


Innate Abilities, Weirdness & Mutations

((You are very nimble when in or above water. (Stealth+, EV+, Speed+++)))
Your lower body shifts to a powerful aquatic tail in water.


Message History

The white imp is heavily wounded.
The white imp barely misses you.
You slash the white imp!
You kill the white imp!
No target in view!
A jelly is nearby!
You now have 379 gold pieces (gained 8).
There is an open door, spattered with blood here.
You see here 4 gold pieces.
The jelly hits you but does no damage.
There is an open door here.
You slash the jelly!
Your hands burn!
You punch the jelly.
The jelly is severely wounded.
The jelly misses you.
You hit the jelly.
Your hands burn!
The jelly is severely wounded.
The jelly hits you.
You are splashed with acid!
You hit the jelly. The acid corrodes you!
Your hands burn!
The jelly is severely wounded.
The jelly misses you.
You hit the jelly but do no damage.
Your hands burn!
The jelly is severely wounded.
The jelly hits you. The acid corrodes you!
You are splashed with acid!
* * * LOW HITPOINT WARNING * * *
You hit the jelly but do no damage. The acid corrodes you!
Your hands burn!
* * * LOW HITPOINT WARNING * * *
The jelly is severely wounded.
The jelly hits you.
* * * LOW HITPOINT WARNING * * *
You are splashed with acid.
* * * LOW HITPOINT WARNING * * *
You see here 4 gold pieces.
The jelly attacks as it pursues you! The jelly hits you.
* * * LOW HITPOINT WARNING * * *
The acid corrodes you!
You are splashed with acid.
* * * LOW HITPOINT WARNING * * *
There is an open door, spattered with blood here.
The jelly attacks as it pursues you! The jelly hits you.
You die...
Your body crumbles into a pile of gold.

..## ..#.....o..........####...
...###...##..####................
...#.#...##..##...........#......
...#..> .#..###'###'###'###......
......##.#..#..#.......# ##.##.#
....###.....#..#.......# #......
..........#.+..$###'###'..+..#...
..).........#..#.J$..'.# #......
.<##........#..#@#...#.# #.....#
..)#........'##'?#._.# '# +....##
.........####..#.#...# ..#......
............#..#.+...'. .#..#..#
..#......)..'..+###'###' '..##.#
###........>#..# ... . #..####
#..........#..# .. ##.#
............###'# #g...#
...#.......... ... .....#


You could see a jelly.

Vanquished Creatures
  An ice beast (D:6)
  A black bear (D:6)
  A kobold brigand (Sewer)
  A bullfrog (D:6)
  A scorpion (D:6)
  3 orc priests
  2 jellies (D:6)
  4 hounds
  Crazy Yiuf (D:2)
  4 iguanas
  3 orc wizards
  A sleepcap (D:2)
  9 gnolls
  9 adders
  A river rat (Sewer)
  A white imp (D:6)
  An ufetubus (D:4)
  3 worms
  A dart slug (D:1)
  12 orcs
  5 endoplasms
  7 giant cockroaches
  7 hobgoblins
  8 jackals
  3 quokkas
  8 ball pythons
  3 bats
  5 frilled lizards
  8 goblins
  9 kobolds
  5 rats
128 creatures vanquished.

Notes
Turn   | Place    | Note
-------+----------+-------------------------------------------
     0 | D:1      | GilGalad the Merfolk Gladiator began the quest for the Orb.
     0 | D:1      | Reached XP level 1. HP: 16/16 MP: 1/1
    84 | D:1      | Reached XP level 2. HP: 23/23 MP: 2/2
   342 | D:1      | Reached XP level 3. HP: 27/28 MP: 3/3
   485 | D:1      | You fall into a shaft and drop 1 floor!
   604 | D:2      | Reached XP level 4. HP: 35/35 MP: 4/4
   660 | D:2      | Found a runed translucent door.
   661 | D:2      | Noticed Crazy Yiuf
   696 | D:2      | Reached skill level 5 in Dodging
   761 | D:2      | Reached skill level 5 in Polearms
   912 | D:2      | Reached XP level 5. HP: 24/41 MP: 5/5
  1641 | D:2      | Killed Crazy Yiuf
  1700 | D:3      | Found an ancient bone altar of Kikubaaqudgha.
  1877 | D:3      | Reached XP level 6. HP: 34/48 MP: 6/6
  2738 | D:3      | Reached skill level 1 in Long Blades
  3203 | D:4      | Reached skill level 6 in Dodging
  3515 | D:4      | Found a radiant altar of Vehumet.
  3538 | D:4      | Found an ornate altar of the Wu Jian Council.
  3565 | D:4      | Found a blossoming altar of Fedhas.
  3648 | D:4      | Reached XP level 7. HP: 48/54 MP: 7/7
  3669 | D:4      | Found an opulent altar of Gozag.
  3680 | D:4      | Became a worshipper of Gozag Ym Sagoz the Greedy
  3931 | D:5      | Entered Level 5 of the Dungeon
  3936 | D:5      | Found a glowing drain.
  3973 | Sewer    | Entered a sewer
  4246 | Sewer    | Found a white marble altar of Elyvilon.
  4329 | D:5      | Found a staircase to the Ecumenical Temple.
  4767 | D:5      | Found a sacrificial altar of Ru.
  5178 | D:6      | Reached skill level 5 in Fighting
  5178 | D:6      | Reached skill level 5 in Long Blades
  5641 | D:6      | Reached XP level 8. HP: 56/62 MP: 8/8
  5838 | D:6      | Reached skill level 7 in Dodging
  6143 | D:6      | Found a shadowy altar of Dithmenos.
  6182 | D:6      | HP: 1/63 [acid (5)]
  6183 | D:6      | Slain by a jelly

Illustrated notes

Levels and vault maps discovered:
D:1:      dpeg_arrival_erosion, layout_rooms, serial_rivers,
          chequers_serial_rivers_small_b, chequers_serial_rivers_micro_c,
          chequers_serial_rivers_micro_d, chequers_serial_rivers_room_b,
          shapermc_ecumenical_altar_pompeii
D:2:      layout_basic, uniq_crazy_yiuf_cottage
D:3:      layout_loops_corners, nicolae_kikubaaqudgha_miasma_corner,
          serial_forest, infiniplex_forest_straight_3,
          infiniplex_forest_straight_3, infiniplex_forest_straight_1,
          infiniplex_forest_end_2, infiniplex_forest_clump_small,
          infiniplex_forest_clump_small, infiniplex_forest_straight_3,
          infiniplex_forest_lined_2
D:4:      layout_basic, vehumet_altar_wand_db, fedhas_altar_4,
          pf_just_have_faith, nzn_wu_jian_contemplation,
          hangedman_abyss_or_decor_jellyfish_corner
D:5:      layout_loops_ring, nicolae_ru_awakened_eye, minmay_temple_entry_grid,
          nicolae_ossuary_entry_monument, gup_sewer_entry_glass
D:6:      layout_cave_pools, mainiacjoe_overflow_24_doors

Skill      XL: |  1  2  3  4  5  6  7  8 |
---------------+-------------------------+-----
Fighting       | 3 4 5 |  5.6
Dodging        | 5 6 7 |  7.5
Polearms       | 5 |  5.5
Throwing       | 3 |  3.4
Long Blades    | 3 5 6 |  6.4

Action                     |  1- 3 |  4- 6 |  7- 9 || total
---------------------------+-------+-------+-------++-------
  Melee: Trident           |    46 |       |       ||    46
         Whip              |    54 |    31 |       ||    85
         Punch             |       |     7 |     2 ||     9
         Dagger            |       |   156 |   191 ||   347
         Tailslap          |       |       |     3 ||     3
         Falchion          |       |       |    53 ||    53
    Use: Scroll            |       |       |     3 ||     3
         Potion            |       |       |     1 ||     1
   Stab: Sleeping          |     1 |     6 |     2 ||     9
 Armour: Leather armour    |    66 |    73 |   113 ||   252
  Dodge: Dodged            |    85 |   136 |   222 ||   443

Table legend: (Time is in decaauts)
 A = Elapsed time spent in this place.
 B = Non-inter-level travel time spent in this place.
 C = Inter-level travel time spent in this place.
 D = Time resting spent in this place.
 E = Time spent auto-exploring this place.
 F = Levels seen in this place.
 G = Mean time per level.
                   A        B        C        D        E       F      G
               +--------+--------+--------+--------+--------+-----+--------+
         Total |   6137 |   5822 |    315 |    383 |   4201 |   7 |  876.7 |
       Dungeon |   5858 |   5543 |    315 |    383 |   4005 |   6 |  976.3 |
         Sewer |    278 |    278 |      0 |      0 |    196 |   1 |  278.0 |
               +--------+--------+--------+--------+--------+-----+--------+

Top non-repeatable levels by time:
     D:5: 1493 daAuts
     D:3: 1231 daAuts
     D:2: 1217 daAuts
     D:4: 1001 daAuts
     D:1: 482 daAuts
     D:6: 432 daAuts
   Sewer: 278 daAuts
